 Dungeon Crawl Stone Soup version 0.19-a0-1704-gbd66c22 (webtiles) character file.

113 TheGoonsmith the Digger (level 4, 0/24 HPs)
             Began as a Gargoyle Earth Elementalist on Sept 27, 2016.
             Killed by divine providence
             ... invoked by an orc priest
              (15 damage)
             ... on level 3 of the Dungeon.
             The game lasted 00:04:42 (3163 turns).

TheGoonsmith the Digger (GrEE)                      Turns: 3163, Time: 00:04:43

Health: 0/24       AC:  9    Str: 11    XL:     4   Next: 96%
Magic:  8/8        EV: 12    Int: 17    God:
Gold:   98         SH:  0    Dex: 10    Spells: 2 memorised, 5 levels left

rFire  . . .     SeeInvis .     k - +0 spear
rCold  . . .     Gourm    .     c - +0 robe
rNeg   + . .     Faith    .     (no shield)
rPois  ∞         Spirit   .     (no helmet)
rElec  +         Dismiss  .     p - +0 cloak
rCorr  .         Reflect  .     o - +1 pair of gloves
MR     .....     Harm     .     (no boots)
Stlth  ++........               (no amulet)
                                (no ring)
                                (no ring)

@: no status effects
A: negative energy resistance 1, electricity resistance, unbreathing,
petrification resistance, rot immunity, AC +3
a: no special abilities


You were on level 3 of the Dungeon.
You were hungry.

You visited 1 branch of the dungeon, and saw 3 of its levels.

You collected 98 gold pieces.

Inventory:

Hand Weapons
 k - a +0 spear (weapon)
Missiles
 b - 61 stones (quivered)
Armour
 c - a +0 robe (worn)
 g - a +0 buckler
 o - a +1 pair of gloves (worn)
 p - a +0 cloak (worn)
Jewellery
 a - an uncursed ring of positive energy {unknown}
Scrolls
 f - a scroll of fear {unknown}
 h - 3 scrolls of identify {unknown}
 i - a scroll of teleportation {unknown}
 j - a scroll of noise {unknown}
 l - 2 scrolls of remove curse {unknown}
 q - a scroll of immolation {unknown}
Potions
 n - a potion of resistance {unknown}
 r - a potion of brilliance {unknown}
Books
 e - a book of Geomancy

   Spells                             Type                      Level
   a - Sandblast                      Earth                        1
   b - Passwall                       Transmutation/Earth          2
   c - Stone Arrow                    Conjuration/Earth            3
   d - Petrify                        Transmutation/Earth          4
   e - Lee's Rapid Deconstruction     Earth                        5
 s - a book of Summonings

   Spells                             Type                      Level
   a - Recall                         Summoning/Translocation      3
   b - Aura of Abjuration             Summoning                    5
   c - Summon Demon                   Summoning                    5
   d - Summon Forest                  Summoning/Translocation      5
   e - Summon Mana Viper              Hexes/Summoning              5
   f - Shadow Creatures               Summoning                    6
 t - a book of Debilitation

   Spells                             Type                      Level
   a - Corona                         Hexes                        1
   b - Slow                           Hexes                        2
   c - Gell's Gravitas                Hexes/Translocation          3
   d - Inner Flame                    Hexes/Fire                   3
   e - Cause Fear                     Hexes                        4
   f - Leda's Liquefaction            Hexes/Earth                  4
Comestibles
 d - 3 bread rations
 m - 3 meat rations


   Skills:
 - Level 1.5 Dodging
 - Level 2.1 Stealth
 + Level 3.0 Spellcasting
 + Level 1.6 Conjurations
   Level 0.7 Transmutations
 * Level 5.2 Earth Magic


You had 5 spell levels left.
You knew the following spells:

 Your Spells              Type           Power        Failure   Level  Hunger
a - Sandblast             Erth           ###...       1%          1    None
x - Stone Arrow           Conj/Erth      ##....       14%         3    ###....


Dungeon Overview and Level Annotations

Branches:
Dungeon (3/15)

Altars:
Dithmenos
Fedhas
Kikubaaqudgha
Nemelex Xobeh
Qazlal


Innate Abilities, Weirdness & Mutations

You are resistant to torment.
Your stone body is resilient. (AC +3)
You are immune to poison.
You resist negative energy. (rN+)
You are resistant to electric shocks. (rElec)
You can survive without breathing.
You are immune to petrification.
You are immune to rotting.


Message History

You now have 98 gold pieces (gained 9).
There is a fountain of sparkling water here.
An orc priest comes into view. It is wielding a falchion.
An orc priest is nearby!
Casting: Sandblast
Confirm with . or Enter, or press ? or * to list all spells.
You can't see any susceptible monsters within range! (Use Z to cast anyway.)
The orc priest shouts!
The orc priest invokes the aid of Beogh against you.
Beogh smites you!
Casting: Sandblast
Confirm with . or Enter, or press ? or * to list all spells.
You can't see any susceptible monsters within range! (Use Z to cast anyway.)
An orc comes into view. It is wielding a hand axe.
An orc wizard comes into view. It is wielding a dagger.
The orc shouts!
The orc priest calls down the wrath of Beogh upon you.
Beogh smites you!
Ouch! That really hurt!
You die...

..........†###..(..[...o....##
>..†..._.....................##
.........#####......))........#
.......### #............o.#.###
.......# ##############......
..###### ###########...#......
.############.........#...#......
............#.........#...####.##
................@.....o..........
...<........#.........#...#####..
............#.........#...# #..
............#.........#...# ##.
............#.........#...######.
....).......#####..............#.
............# #..............#.
............# #..............#.
............# #..............#.


You could see an orc priest.

Vanquished Creatures
  A quasit (D:3)
  An adder (D:2)
  4 dart slugs
  4 leopard geckos
  3 giant cockroaches
  6 goblins
  8 hobgoblins
  4 jackals (D:1)
  6 bats
  3 frilled lizards (D:2)
  11 kobolds
  7 rats
58 creatures vanquished.

Notes
Turn   | Place    | Note
-------+----------+-------------------------------------------
     0 | D:1      | TheGoonsmith the Gargoyle Earth Elementalist began the quest for the Orb.
     0 | D:1      | Reached XP level 1. HP: 10/10 MP: 3/3
   422 | D:1      | Reached XP level 2. HP: 15/15 MP: 3/5
   428 | D:1      | Reached skill level 4 in Earth Magic
  1146 | D:1      | Reached XP level 3. HP: 19/19 MP: 1/7
  1886 | D:2      | Learned a level 3 spell: Stone Arrow
  2261 | D:2      | Reached XP level 4. HP: 24/24 MP: 3/8
  2292 | D:2      | Reached skill level 1 in Conjurations
  2551 | D:3      | Reached skill level 5 in Earth Magic
  2750 | D:3      | Found a stormy altar of Qazlal.
  2753 | D:3      | Found an ancient bone altar of Kikubaaqudgha.
  2753 | D:3      | Found a shadowy altar of Dithmenos.
  2753 | D:3      | Found a blossoming altar of Fedhas.
  2978 | D:3      | Found a sparkling altar of Nemelex Xobeh.
  3163 | D:3      | Killed from afar by an orc priest

Vault maps used:
D:1:      minmay_arrival_four_houses, serial_bayou_ford_a,
          hangedman_decor_peaks_small
D:2:      first_bread
D:3:      nemelex_xobeh_ov_fountains_minmay, grunt_temple_overflow_open

Skill      XL: |  1  2  3  4 |
---------------+-------------+-----
Earth Magic    | 4 5 |  5.2
Conjurations   | 1 |  1.6
Spellcasting   | 3 |  3.0
Dodging        | |  1.5
Stealth        | |  2.1
Transmutations | |  0.7

Action                   |  1- 3 |  4- 6 || total
-------------------------+-------+-------++-------
Melee: Spear             |    41 |     3 ||    44
       Unarmed           |     8 |       ||     8
 Cast: Sandblast         |    76 |    46 ||   122
  Use: Potion            |     2 |       ||     2
  Eat: Chunk             |     5 |     2 ||     7
Armor: Robe              |    35 |    18 ||    53
Dodge: Dodged            |    85 |    20 ||   105
